 Dungeon Crawl Stone Soup version 0.28.0-43-g3370ac3207 (webtiles) character file.

Game seed: 13256310961512460270

98 Ablot the Grasshopper (level 4, -14/38 HPs)
             Began as a Gnoll Warper on Mar 6, 2022.
             Demolished by an orc warrior
             ... wielding a +2 vorpal halberd
              (19 damage)
             ... on level 2 of the Dungeon.
             The game lasted 00:03:33 (2417 turns).

Ablot the Grasshopper (Gnoll Warper)                Turns: 2417, Time: 00:03:33

Health: -14/38     AC:  8    Str: 12    XL:     4   Next: 71%
Magic:  7/11       EV: 12    Int: 13    God:
Gold:   55         SH:  0    Dex: 11    Spells: 11/13 levels left

rFire   . . .      SeeInvis .   a - +0 spear
rCold   . . .      Faith    .   (no shield)
rNeg    . . .      Spirit   .   b - +0 leather armour
rPois   .          Reflect  .   (no helmet)
rElec   .          Harm     .   (no cloak)
rCorr   .          Rampage  .   h - +2 pair of gloves
Will    .....                   e - +1 pair of boots
Stlth   +.........              (no amulet)
HPRegen 0.12/turn               (no ring)
MPRegen 0.12/turn               (no ring)

@: on blink cooldown
A: fangs 1, strong nose, distributed training
a: no special abilities


You were on level 2 of the Dungeon.
You visited 1 branch of the dungeon, and saw 3 of its levels.

You collected 55 gold pieces.

Inventory:

Hand Weapons
 a - a +0 spear (weapon)
Missiles
 d - 5 boomerangs of dispersal
 j - 44 stones
 l - a poisoned dart (quivered)
 n - 29 arrows
Armour
 b - a +0 leather armour (worn)
 e - a +1 pair of boots (worn)
 h - a +2 pair of gloves (worn)
Scrolls
 c - a scroll of blinking
 f - a scroll of noise {unknown}
 g - a scroll of magic mapping {unknown}
 i - a scroll of identify {unknown}
 m - a scroll of holy word {unknown}
Potions
 k - a potion of lignification {unknown}


   Skills:
 + Level 4.7 Fighting
 + Level 1.2 Short Blades
 + Level 1.2 Long Blades
 + Level 1.2 Axes
 + Level 1.2 Maces & Flails
 + Level 4.7 Polearms
 + Level 1.2 Staves
 + Level 1.2 Slings
 + Level 1.2 Bows
 + Level 1.2 Crossbows
 + Level 2.8 Throwing
 + Level 2.8 Armour
 + Level 4.7 Dodging
 + Level 1.2 Stealth
 + Level 1.2 Shields
 + Level 1.2 Unarmed Combat
 + Level 5.1 Spellcasting
 + Level 1.0 Conjurations
 + Level 1.0 Hexes
 + Level 1.0 Summonings
 + Level 1.0 Necromancy
 + Level 5.5 Translocations
 + Level 1.0 Transmutations
 + Level 1.0 Fire Magic
 + Level 1.0 Ice Magic
 + Level 1.0 Air Magic
 + Level 1.0 Earth Magic
 + Level 1.0 Poison Magic
 + Level 1.3 Invocations
 + Level 1.2 Evocations


You had 11 spell levels left.
You knew the following spells:

 Your Spells              Type           Power      Damage    Failure   Level
a - Blink                 Tloc           34%        N/A       3%          2

Your spell library contained the following spells:

 Spells                   Type           Power      Damage    Failure   Level
 Gell's Gravitas          Tloc           17%        N/A       8%          3
 Lesser Beckoning         Tloc           17%        N/A       8%          3
 Teleport Other           Tloc           17%        N/A       8%          3
 Corpse Rot               Necr/Air       10%        N/A       24%         2
 Poisonous Vapours        Pois/Air       10%        N/A       24%         2
 Manifold Assault         Tloc           17%        N/A       56%         5


Dungeon Overview and Level Annotations

Branches:
Dungeon (3/15)

Altars:

Shops:
D:1 *   D:2 [


Innate Abilities, Weirdness & Mutations

You have very sharp teeth.
Your uncanny sense of smell can sniff out nearby items.
Your experience applies equally to all skills.


Message History

There is a stone staircase leading down here.
There is a stone staircase leading down here.
You climb downwards.
The orc warrior hits you with a +2 vorpal halberd.
Found 13 gold pieces and 25 arrows.
There is a stone staircase leading up here.
Unknown command.
The orc shouts!
The orc priest shouts!
The orc warrior closely misses you.
You climb upwards.
There is a stone staircase leading down here.
Casting: Blink (safe; 3% risk of failure)
Confirm with . or Enter, or press ? or * to list all spells.
You blink.
Throw: 4 darts (poison)
Press: ? - help, Q - select action, (/) - cycle Shift-Dir - straight line, f - orc warrior
Aim: an orc warrior, wielding a +2 vorpal halberd and wearing a +0 plate armour (59% to hit)
You throw a poisoned dart. The poisoned dart hits the orc warrior.
Unknown command.
Throw: 3 darts (poison)
Press: ? - help, Q - select action, (/) - cycle Shift-Dir - straight line, f/p - orc warrior
Aim: an orc warrior, wielding a +2 vorpal halberd and wearing a +0 plate armour (59% to hit)
You throw a poisoned dart. The poisoned dart hits the orc warrior.
The orc warrior is poisoned.
Throw: 2 darts (poison)
Press: ? - help, Q - select action, (/) - cycle Shift-Dir - straight line, f/p - orc warrior
Aim: an orc warrior, wielding a +2 vorpal halberd and wearing a +0 plate armour (poisoned, 59% to hit)
You throw a poisoned dart. The poisoned dart hits the orc warrior.
The orc warrior looks even sicker.
The orc warrior hits you from afar with a +2 vorpal halberd!!
Ouch! That really hurt!
* * * LOW HITPOINT WARNING * * *
x2 Unknown command.
You feel stable enough to blink again.
Casting: Blink (safe; 3% risk of failure)
Confirm with . or Enter, or press ? or * to list all spells.
You blink.
The orc warrior hits you from afar with a +2 vorpal halberd!!
Ouch! That really hurt!
You die...

.####....#######..##.##.# #.#
....'..........>..##.##.# #.#
.####....#####...###.##.# #.# ##
#....# #.....# #.##.# #.#
#########.##.## #.##.# #.#
#............# #....# #.#
#............# ###### #.#
####............#############.###
...'............@.#..............
.###..........ยง...#.#############
.# #.######+###..o#.# .# #.#
##+###...#.# .# #.# #........#.#
.# #.# #......#(#.#
.###.#####......#(..#
................#(..#
####............#...#


You could see an orc warrior (very poisoned).

Vanquished Creatures
  5 adders (D:2)
  3 worms (D:2)
  2 dart slugs (D:1)
  A ball python (D:1)
  3 endoplasms
  A giant cockroach (D:1)
  5 goblins
  3 hobgoblins
  4 jackals (D:2)
  A kobold (D:1)
  A quokka (D:1)
  4 bats
  2 frilled lizards (D:1)
  7 rats
42 creatures vanquished.

Notes
Turn   | Place    | Note
-------+----------+-------------------------------------------
     0 | D:1      | Ablot the Gnoll Warper began the quest for the Orb.
     0 | D:1      | Reached XP level 1. HP: 20/20 MP: 6/6
    79 | D:1      | Found a faded altar of an unknown god.
   174 | D:1      | Reached XP level 2. HP: 26/26 MP: 7/7
   177 | D:1      | Learned a level 2 spell: Blink
   643 | D:1      | Found Liraerch's General Store.
   747 | D:1      | Reached XP level 3. HP: 30/31 MP: 9/9
   867 | D:2      | Reached skill level 5 in Spellcasting
  1373 | D:2      | Reached skill level 1 in Invocations
  1489 | D:2      | Reached skill level 1 in Short Blades
  1489 | D:2      | Reached skill level 1 in Long Blades
  1489 | D:2      | Reached skill level 1 in Axes
  1489 | D:2      | Reached skill level 1 in Maces & Flails
  1489 | D:2      | Reached skill level 1 in Staves
  1489 | D:2      | Reached skill level 1 in Slings
  1489 | D:2      | Reached skill level 1 in Bows
  1489 | D:2      | Reached skill level 1 in Crossbows
  1489 | D:2      | Reached skill level 1 in Stealth
  1489 | D:2      | Reached skill level 1 in Shields
  1489 | D:2      | Reached skill level 1 in Unarmed Combat
  1489 | D:2      | Reached skill level 1 in Evocations
  1623 | D:2      | Reached XP level 4. HP: 26/38 MP: 11/11
  1853 | D:2      | Reached skill level 1 in Conjurations
  1853 | D:2      | Reached skill level 1 in Hexes
  1853 | D:2      | Reached skill level 1 in Summonings
  1853 | D:2      | Reached skill level 1 in Necromancy
  1853 | D:2      | Reached skill level 1 in Transmutations
  1853 | D:2      | Reached skill level 1 in Fire Magic
  1853 | D:2      | Reached skill level 1 in Ice Magic
  1853 | D:2      | Reached skill level 1 in Air Magic
  1853 | D:2      | Reached skill level 1 in Earth Magic
  1853 | D:2      | Reached skill level 1 in Poison Magic
  2085 | D:2      | Found Jotemyas's Antique Armour Shoppe.
  2407 | D:3      | Noticed an orc warrior
  2417 | D:2      | Demolished by an orc warrior

Illustrated notes

Levels and vault maps discovered:
D:1:      denvon_arrival_planthouse, layout_basic,
          hellmonk_ecumenical_altar_arch_garden, serial_shops, shop
D:2:      minmay_general_purpose_star, layout_basic, serial_shops, shop
D:3:      layout_basic, serial_shops, shop, minmay_misc_feat_hallway,
          uniq_jessica, uniq_pargi

Skill      XL: |  1  2  3  4 |
---------------+-------------+-----
Spellcasting   | 5 |  5.1
Invocations    | 1 |  1.3
Short Blades   | 1 |  1.2
Long Blades    | 1 |  1.2
Axes           | 1 |  1.2
Maces & Flails | 1 |  1.2
Staves         | 1 |  1.2
Slings         | 1 |  1.2
Bows           | 1 |  1.2
Crossbows      | 1 |  1.2
Stealth        | 1 |  1.2
Shields        | 1 |  1.2
Unarmed Combat | 1 |  1.2
Evocations     | 1 |  1.2
Conjurations   | 1 |  1.0
Hexes          | 1 |  1.0
Summonings     | 1 |  1.0
Necromancy     | 1 |  1.0
Transmutations | 1 |  1.0
Fire Magic     | 1 |  1.0
Ice Magic      | 1 |  1.0
Air Magic      | 1 |  1.0
Earth Magic    | 1 |  1.0
Poison Magic   | 1 |  1.0
Fighting       | |  4.7
Polearms       | |  4.7
Throwing       | |  2.8
Armour         | |  2.8
Dodging        | |  4.7
Translocations | |  5.5

Action                   |  1- 3 |  4- 6 || total
-------------------------+-------+-------++-------
Melee: Spear             |   128 |    64 ||   192
       Bite              |    14 |     7 ||    21
       Punch             |     4 |     1 ||     5
Throw: Dart              |       |     3 ||     3
 Cast: Blink             |       |     2 ||     2
 Stab: Sleeping          |     2 |       ||     2
Armor: Leather armour    |    26 |    24 ||    50
Dodge: Dodged            |    37 |    36 ||    73
